Minnesota North Stars vs Calgary Flames
(R1)
Created - Tuesday, April 30, 2024 at 07:48
Goals
|
| Minnesota North Stars |
1 |
0 |
1 |
2 |
| Calgary Flames |
1 |
1 |
2 |
4 |
|
Shots
|
| Minnesota North Stars |
4 |
13 |
8 |
25 |
| Calgary Flames |
16 |
9 |
15 |
40 |
|
1st period
1. Minnesota North Stars , Evan Rodrigues 8 (Sean Durzi 13) at 3:57
2. Calgary Flames , Joel Eriksson Ek 17 (Jeff Petry 22, Matthew Tkachuk 31) at 5:26
Penalties :
Matthew Tkachuk (CGY) for Tripping (Minor) at 9:33, Matthew Tkachuk (CGY) for Interference (Minor) at 14:08, Brock Nelson (MNS) for Roughing (Double Minor) at 17:38
2nd period
3. Calgary Flames , Timo Meier 19 (Drew Doughty 17, Samuel Montembeault) at 0:48 (PP)
Penalties :
Jamie Oleksiak (MNS) for High sticking (Minor) at 2:33, Brandon Montour (MNS) for Hooking (Minor) at 6:10, Jamie Oleksiak (MNS) for High sticking (Minor) at 14:09
3rd period
4. Calgary Flames , Rafael Harvey-Pinard 12 (Cole Sillinger 7) at 2:35
5. Minnesota North Stars , Jonathan Toews 5 (Jack Hughes 26) at 3:26
6. Calgary Flames , Sebastian Aho 30 (Zach Hyman 33) at 14:02 (PP)
Penalties :
J.T. Miller (CGY) for Goalie Interference (Minor) at 10:41, Brandon Montour (MNS) for Goalie Interference (Minor) at 13:52, Frank Vatrano (MNS) for Tripping (Minor) at 14:32, Neal Pionk (MNS) for Slashing (Minor) at 18:20
Goalie Stats
Stuart Skinner (MNS), 36 saves from 40 shots - (0.900), L, 16-11-3, 60:00 minutes
Samuel Montembeault (CGY), 23 saves from 25 shots - (0.920), W, 16-8-4, 60:00 minutes
Players Stats for Minnesota North Stars
Player Name G A P +/- PIM S H SB GA TA FO MP PP MP PK MP
------------------------------------------------------------------------------------
Adam Lowry 0 0 0 1 0 0 1 0 0 0 2/3 6:51 0:00 0:00
Brandon Montour 0 0 0 1 4 1 2 1 2 0 0/0 25:01 2:35 4:41
Brock Nelson 0 0 0 0 4 1 1 0 0 0 2/3 19:10 3:02 4:10
Derick Brassard 0 0 0 1 0 2 2 0 0 0 0/0 8:04 0:00 0:59
Evan Rodrigues 1 0 1 1 0 2 0 1 0 0 0/0 6:51 0:00 0:00
Evgeni Malkin 0 0 0 0 0 5 0 0 0 0 10/18 20:37 2:55 6:46
Frank Vatrano 0 0 0 0 2 3 1 1 0 0 2/2 14:31 2:55 0:07
Gustav Forsling 0 0 0 -1 0 0 1 2 0 0 0/0 22:23 3:22 6:32
Jack Hughes 0 1 1 -1 0 1 1 0 0 0 2/8 13:28 0:00 1:50
Jamie Oleksiak 0 0 0 -1 4 0 3 3 1 0 0/0 20:11 3:22 4:08
Jeff Skinner 0 0 0 0 0 1 1 0 0 1 1/5 20:20 3:02 5:19
Jonathan Toews 1 0 1 -1 0 3 1 0 0 1 0/0 11:08 0:00 0:00
Neal Pionk 0 0 0 0 2 1 0 1 1 0 0/0 11:45 0:00 0:38
Rasmus Dahlin 0 0 0 1 0 2 2 3 0 1 0/0 27:25 2:35 7:08
Ryan Nugent-Hopkins 0 0 0 0 0 2 3 0 1 0 8/25 20:50 3:02 6:39
Sean Durzi 0 1 1 0 0 0 0 1 0 0 0/0 13:26 0:00 2:43
Viktor Arvidsson 0 0 0 -1 0 1 0 1 0 0 0/1 11:08 0:00 0:00
Zach Parise 0 0 0 0 0 0 0 0 0 0 0/0 13:49 2:55 0:00
Players Stats for Calgary Flames
Player Name G A P +/- PIM S H SB GA TA FO MP PP MP PK MP
------------------------------------------------------------------------------------
Cole Sillinger 0 1 1 0 0 1 0 0 0 0 2/7 7:24 0:00 0:17
Drew Doughty 0 1 1 2 0 4 1 2 0 0 0/0 25:30 7:01 2:53
J.T. Miller 0 0 0 1 2 0 1 0 0 1 14/20 21:09 6:20 2:05
Jeff Petry 0 1 1 2 0 1 1 1 0 0 0/0 23:42 5:54 3:04
Joel Eriksson Ek 1 0 1 1 0 5 1 0 0 2 2/2 20:34 6:20 2:36
Kris Letang 0 0 0 -2 0 2 1 1 0 0 0/0 19:34 7:01 0:00
Mathieu Joseph 0 0 0 0 0 2 2 0 0 0 0/2 14:00 0:11 2:46
Matthew Tkachuk 0 1 1 1 4 6 3 0 1 0 0/0 19:35 6:20 0:32
Michael Anderson 0 0 0 0 0 1 1 3 0 0 0/0 16:44 0:00 2:53
Nic Dowd 0 0 0 0 0 0 2 0 0 0 11/17 14:38 0:11 2:49
Oliver Bjorkstrand 0 0 0 0 0 2 0 0 1 0 1/1 11:11 0:11 0:00
Rafael Harvey-Pinard 1 0 1 0 0 1 0 1 0 0 0/1 6:41 0:00 0:00
Rasmus Andersson 0 0 0 0 0 1 1 0 0 0 0/0 18:02 5:54 0:00
Ryan McDonagh 0 0 0 -2 0 2 1 0 0 1 0/0 16:28 0:00 3:04
Sebastian Aho 1 0 1 -1 0 4 1 1 0 1 8/14 17:55 6:24 0:49
Timo Meier 1 0 1 -1 0 4 2 0 1 0 0/1 17:06 6:24 0:00
Yakov Trenin 0 0 0 0 0 0 1 0 0 0 0/0 6:41 0:00 0:00
Zach Hyman 0 1 1 -1 0 4 1 2 0 0 0/0 17:06 6:24 0:00
3 Stars
1 - Joel Eriksson Ek (CGY)
2 - Drew Doughty (CGY)
3 - Jeff Petry (CGY)
Power Play
Minnesota North Stars - 0 on 3 Attempt(s) - 0.00%
Calgary Flames - 2 on 8 Attempt(s) - 25.00%
Penalty Kill
Minnesota North Stars - 6 on 8 Attempt(s) - 75.00%
- Score 0 goal in Penalty Kill
Calgary Flames - 3 on 3 Attempt(s) - 100.00%
- Score 0 goal in Penalty Kill
Team Stat
Minnesota North Stars - Hits : 19 - Faceoff Wins : 27 - Blocked Shots : 14 - Penalty Minutes : 16
Calgary Flames - Hits : 20 - Faceoff Wins : 38 - Blocked Shots : 11 - Penalty Minutes : 6
Official
Referees : Mike Hasenfratz and Marc Joannette
Linesman : Kiel Murchison and Andy McElman
Game Notes
No Game Note
Finance
Level 1 -- Attendance: 5330 (88.83%) -- Ticket Income $533,000
Level 2 -- Attendance: 4127 (82.54%) -- Ticket Income $247,620
Level 3 -- Attendance: 2193 (73.10%) -- Ticket Income $76,755
Level 4 -- Attendance: 3892 (77.84%) -- Ticket Income $97,300
Luxury Box -- Attendance: 867 (86.70%) -- Ticket Income $173,400
Game was played at the Scotiabank Saddledome.
Total Attendance: 16409 (82.05%)
Total Ticket Income: $1,128,075
Other Income: $394,826
Total Income: $1,522,901
Minnesota North Stars
5 vs 5 Forward
Center Left Wing Right Wing Time % Phy DF OF
1 Ryan Nugent-Hopkins Brock Nelson Jeff Skinner 30 1 2 2
2 Evgeni Malkin Frank Vatrano Zach Parise 29 1 2 2
3 Jack Hughes Viktor Arvidsson Jonathan Toews 29 1 2 2
4 Adam Lowry Evan Rodrigues Derick Brassard 12 1 2 2
5 vs 5 Defense
Defense Defense Time % Phy DF OF
1 Rasmus Dahlin Brandon Montour 30 1 2 2
2 Jamie Oleksiak Gustav Forsling 30 1 2 2
3 Neal Pionk Sean Durzi 25 1 2 2
4 Rasmus Dahlin Brandon Montour 15 1 2 2
PowerPlay Forward
Center Left Wing Right Wing Time % Phy DF OF
1 Ryan Nugent-Hopkins Brock Nelson Jeff Skinner 50 1 2 2
2 Evgeni Malkin Frank Vatrano Zach Parise 50 1 2 2
PowerPlay Defense
Defense Defense Time % Phy DF OF
1 Rasmus Dahlin Brandon Montour 50 1 2 2
2 Jamie Oleksiak Gustav Forsling 50 1 2 2
Penalty Kill 4 Players Forward
Center Wing Time % Phy DF OF
1 Ryan Nugent-Hopkins Evgeni Malkin 50 1 2 2
2 Brock Nelson Jeff Skinner 50 1 2 2
Penalty Kill 4 Players Defense
Defense Defense Time % Phy DF OF
1 Rasmus Dahlin Brandon Montour 50 1 2 2
2 Jamie Oleksiak Gustav Forsling 50 1 2 2
Penalty Kill - 3 Players Forward
Forward Time % Phy DF OF
1 Ryan Nugent-Hopkins 50 1 2 2
2 Evgeni Malkin 50 1 2 2
Penalty Kill - 3 Players Defense
Defense Defense Time % Phy DF OF
1 Rasmus Dahlin Brandon Montour 50 1 2 2
2 Jamie Oleksiak Gustav Forsling 50 1 2 2
4 vs 4 Forward
Center Wing Time % Phy DF OF
1 Ryan Nugent-Hopkins Evgeni Malkin 50 1 2 2
2 Brock Nelson Jeff Skinner 50 1 2 2
4 vs 4 Defense
Defense Defense Time % Phy DF OF
1 Rasmus Dahlin Brandon Montour 50 1 2 2
2 Jamie Oleksiak Gustav Forsling 50 1 2 2
Last Minutes Offensive
Center Left Wing Right Wing Defense Defense
Ryan Nugent-Hopkins Brock Nelson Jeff Skinner Rasmus Dahlin Brandon Montour
Last Minutes Defensive
Center Left Wing Right Wing Defense Defense
Ryan Nugent-Hopkins Brock Nelson Jeff Skinner Rasmus Dahlin Brandon Montour
Goaltenders
Starting : Stuart Skinner
Backup : Antti Raanta
Extra Forwards
Normal : Adam Lowry, Derick Brassard, Jack Hughes - PP : Adam Lowry, Derick Brassard - PK : Jack Hughes
Extra Defensemen
Normal : Neal Pionk, Sean Durzi, Jamie Oleksiak - PP : Neal Pionk - PK : Sean Durzi, Jamie Oleksiak
Penalty Shots
Ryan Nugent-Hopkins, Evgeni Malkin, Brock Nelson, Jeff Skinner, Jack Hughes
Calgary Flames
5 vs 5 Forward
Center Left Wing Right Wing Time % Phy DF OF
1 J.T. Miller Matthew Tkachuk Joel Eriksson Ek 31 0 2 3
2 Sebastian Aho Zach Hyman Timo Meier 30 0 2 3
3 Nic Dowd Mathieu Joseph Oliver Bjorkstrand 29 0 2 3
4 Cole Sillinger Rafael Harvey-Pinard Yakov Trenin 10 1 3 1
5 vs 5 Defense
Defense Defense Time % Phy DF OF
1 Drew Doughty Jeff Petry 35 1 3 1
2 Ryan McDonagh Kris Letang 35 1 3 1
3 Michael Anderson Rasmus Andersson 30 1 3 1
4 Kris Letang Jeff Petry 0 1 3 1
PowerPlay Forward
Center Left Wing Right Wing Time % Phy DF OF
1 J.T. Miller Matthew Tkachuk Joel Eriksson Ek 50 0 0 5
2 Sebastian Aho Zach Hyman Timo Meier 50 0 0 5
PowerPlay Defense
Defense Defense Time % Phy DF OF
1 Kris Letang Drew Doughty 50 0 0 5
2 Rasmus Andersson Jeff Petry 50 0 0 5
Penalty Kill 4 Players Forward
Center Wing Time % Phy DF OF
1 Joel Eriksson Ek Mathieu Joseph 50 0 5 0
2 J.T. Miller Nic Dowd 50 0 5 0
Penalty Kill 4 Players Defense
Defense Defense Time % Phy DF OF
1 Jeff Petry Ryan McDonagh 50 0 5 0
2 Michael Anderson Drew Doughty 50 0 5 0
Penalty Kill - 3 Players Forward
Forward Time % Phy DF OF
1 J.T. Miller 50 0 5 0
2 Sebastian Aho 50 0 5 0
Penalty Kill - 3 Players Defense
Defense Defense Time % Phy DF OF
1 Kris Letang Jeff Petry 50 0 5 0
2 Michael Anderson Drew Doughty 50 0 5 0
4 vs 4 Forward
Center Wing Time % Phy DF OF
1 J.T. Miller Timo Meier 50 1 2 2
2 Sebastian Aho Zach Hyman 50 1 2 2
4 vs 4 Defense
Defense Defense Time % Phy DF OF
1 Kris Letang Jeff Petry 50 1 2 2
2 Drew Doughty Michael Anderson 50 1 2 2
Last Minutes Offensive
Center Left Wing Right Wing Defense Defense
J.T. Miller Matthew Tkachuk Sebastian Aho Kris Letang Drew Doughty
Last Minutes Defensive
Center Left Wing Right Wing Defense Defense
J.T. Miller Sebastian Aho Joel Eriksson Ek Ryan McDonagh Drew Doughty
Goaltenders
Starting : Samuel Montembeault
Backup : Ilya Sorokin
Extra Forwards
Normal : Nic Dowd, Joel Eriksson Ek, Mathieu Joseph - PP : Nic Dowd, Joel Eriksson Ek - PK : Mathieu Joseph
Extra Defensemen
Normal : Rasmus Andersson, Michael Anderson, Jeff Petry - PP : Rasmus Andersson - PK : Michael Anderson, Jeff Petry
Penalty Shots
J.T. Miller, Matthew Tkachuk, Sebastian Aho, Joel Eriksson Ek, Timo Meier
% Time on Ice - Minnesota North Stars
Lines # - Real PCT - Wanted PCT - Time Play
Normal Forward
1 - 27% - 30% - 11:09
2 - 29% - 29% - 12:00
3 - 27% - 29% - 11:08
4 - 17% - 12% - 6:51
Normal Defense
1 - 33% - 30% - 13:32
2 - 31% - 30% - 12:43
3 - 25% - 25% - 10:29
4 - 11% - 15% - 4:24
PP Forward
1 - 51% - 50% - 3:02
2 - 49% - 50% - 2:55
PP Defense
1 - 43% - 50% - 2:35
2 - 57% - 50% - 3:22
PK Forward
1 - 52% - 50% - 6:45
2 - 48% - 50% - 6:10
PK Defense
1 - 47% - 50% - 6:03
2 - 53% - 50% - 6:52
PK3 Forward
1 - 0% - 50%
2 - 0% - 50%
PK3 Defense
1 - 0% - 50%
2 - 0% - 50%
44 Forward
1 - 0% - 50%
2 - 0% - 50%
44 Defense
1 - 0% - 50%
2 - 0% - 50%
Last Minute Offensive - 0:00
Last Minute Defensive - 0:00
Total
Forward - 60:00
Defense - 60:00
|
% Time on Ice - Calgary Flames
Lines # - Real PCT - Wanted PCT - Time Play
Normal Forward
1 - 28% - 31% - 11:38
2 - 29% - 30% - 11:49
3 - 27% - 29% - 11:00
4 - 16% - 10% - 6:41
Normal Defense
1 - 34% - 35% - 14:06
2 - 38% - 35% - 15:32
3 - 28% - 30% - 11:30
4 - 0% - 0% - 0:00
PP Forward
1 - 50% - 50% - 6:31
2 - 50% - 50% - 6:24
PP Defense
1 - 54% - 50% - 7:01
2 - 46% - 50% - 5:54
PK Forward
1 - 44% - 50% - 2:36
2 - 56% - 50% - 3:21
PK Defense
1 - 52% - 50% - 3:04
2 - 48% - 50% - 2:53
PK3 Forward
1 - 0% - 50%
2 - 0% - 50%
PK3 Defense
1 - 0% - 50%
2 - 0% - 50%
44 Forward
1 - 0% - 50%
2 - 0% - 50%
44 Defense
1 - 0% - 50%
2 - 0% - 50%
Last Minute Offensive - 0:00
Last Minute Defensive - 0:00
Total
Forward - 60:00
Defense - 60:00
|
Play-by-Play
1st period
0:01 of 1st period - Joel Eriksson Ek wins face-off versus Jeff Skinner in neutral zone.
0:04 of 1st period - Ryan Nugent-Hopkins is hit by J.T. Miller and loses puck.
0:15 of 1st period - Snap shot by Matthew Tkachuk.
0:15 of 1st period - Stopped by Stuart Skinner with a rebound.
0:17 of 1st period - Snap shot by Matthew Tkachuk.
0:17 of 1st period - Shot Misses the Net.
1:23 of 1st period - Snap shot by Rasmus Andersson.
1:23 of 1st period - Stopped by Stuart Skinner without a rebound.
1:24 of 1st period - J.T. Miller wins face-off versus Jack Hughes in Minnesota North Stars zone.
1:41 of 1st period - Snap shot by Jack Hughes.
1:41 of 1st period - Stopped by Samuel Montembeault without a rebound.
1:42 of 1st period - Nic Dowd wins face-off versus Evgeni Malkin in Calgary Flames zone.
1:42 of 1st period - Nic Dowd is hit by Rasmus Dahlin.
1:52 of 1st period - Snap shot by Frank Vatrano.
1:52 of 1st period - Stopped by Samuel Montembeault without a rebound.
1:53 of 1st period - Adam Lowry wins face-off versus Sebastian Aho in Calgary Flames zone.
2:07 of 1st period - Icing by Drew Doughty.
2:08 of 1st period - Evgeni Malkin wins face-off versus Sebastian Aho in Calgary Flames zone.
2:31 of 1st period - Wrist shot by Zach Hyman.
2:31 of 1st period - Shot Misses the Net.
2:37 of 1st period - Wrist shot by Sebastian Aho.
2:37 of 1st period - Stopped by Stuart Skinner with a rebound.
2:57 of 1st period - Snap shot by Sebastian Aho.
2:57 of 1st period - Shot Misses the Net.
2:59 of 1st period - Snap shot by Timo Meier.
2:59 of 1st period - Stopped by Stuart Skinner with a rebound.
3:01 of 1st period - Slapshot by Drew Doughty.
3:01 of 1st period - Stopped by Stuart Skinner without a rebound.
3:02 of 1st period - Nic Dowd wins face-off versus Ryan Nugent-Hopkins in Minnesota North Stars zone.
3:19 of 1st period - Ryan McDonagh is hit by Ryan Nugent-Hopkins and loses puck.
3:57 of 1st period - Wrist shot by Evan Rodrigues.
3:57 of 1st period - Goal by Evan Rodrigues - Minnesota North Stars : 1 - Calgary Flames : 0.
3:58 of 1st period - Jeff Skinner wins face-off versus Nic Dowd in neutral zone.
4:53 of 1st period - Snap shot by Evan Rodrigues.
4:53 of 1st period - Shot Blocked by Kris Letang.
4:55 of 1st period - Slapshot by Brandon Montour.
4:55 of 1st period - Shot Blocked by Rafael Harvey-Pinard.
5:10 of 1st period - Off-side.
5:11 of 1st period - J.T. Miller wins face-off versus Jack Hughes in neutral zone.
5:16 of 1st period - Snap shot by Matthew Tkachuk.
5:16 of 1st period - Stopped by Stuart Skinner with a rebound.
5:18 of 1st period - Snap shot by Joel Eriksson Ek.
5:18 of 1st period - Shot Misses the Net.
5:22 of 1st period - Snap shot by Matthew Tkachuk.
5:22 of 1st period - Shot Blocked by Sean Durzi.
5:24 of 1st period - Slapshot by Jeff Petry.
5:24 of 1st period - Deflect By Joel Eriksson Ek.
5:24 of 1st period - Stopped by Stuart Skinner with a rebound.
5:26 of 1st period - Snap shot by Joel Eriksson Ek.
5:26 of 1st period - Goal by Joel Eriksson Ek - Minnesota North Stars : 1 - Calgary Flames : 1.
5:27 of 1st period - Nic Dowd wins face-off versus Ryan Nugent-Hopkins in neutral zone.
5:30 of 1st period - Brock Nelson is hit by Nic Dowd and loses puck.
5:53 of 1st period - Michael Anderson is hit by Frank Vatrano.
6:19 of 1st period - Sean Durzi is hit by Timo Meier and loses puck.
6:24 of 1st period - Snap shot by Zach Hyman.
6:24 of 1st period - Deflect By Timo Meier.
6:24 of 1st period - Stopped by Stuart Skinner without a rebound.
6:25 of 1st period - Nic Dowd wins face-off versus Jeff Skinner in Minnesota North Stars zone.
6:36 of 1st period - Mathieu Joseph is hit by Ryan Nugent-Hopkins and loses puck.
6:56 of 1st period - Snap shot by J.T. Miller.
6:56 of 1st period - Shot Blocked by Brandon Montour.
6:58 of 1st period - Slapshot by Ryan McDonagh.
6:58 of 1st period - Stopped by Stuart Skinner with a rebound.
8:52 of 1st period - Snap shot by Timo Meier.
8:52 of 1st period - Shot Blocked by Neal Pionk.
8:54 of 1st period - Snap shot by Zach Hyman.
8:54 of 1st period - Stopped by Stuart Skinner without a rebound.
8:55 of 1st period - Ryan Nugent-Hopkins wins face-off versus Nic Dowd in Minnesota North Stars zone.
9:20 of 1st period - J.T. Miller is hit by Jamie Oleksiak and loses puck.
9:31 of 1st period - Wrist shot by Viktor Arvidsson.
9:31 of 1st period - Stopped by Samuel Montembeault with a rebound.
9:33 of 1st period - Minor Penalty to Matthew Tkachuk for Tripping.
9:34 of 1st period - Joel Eriksson Ek wins face-off versus Ryan Nugent-Hopkins in Calgary Flames zone.
10:13 of 1st period - Drew Doughty is hit by Brandon Montour and loses puck.
10:51 of 1st period - Icing by Frank Vatrano.
10:52 of 1st period - J.T. Miller wins face-off versus Evgeni Malkin in Minnesota North Stars zone.
11:33 of 1st period - Penalty to Matthew Tkachuk is over, Matthew Tkachuk is back on ice.
12:10 of 1st period - Icing by Jack Hughes.
12:11 of 1st period - Sebastian Aho wins face-off versus Viktor Arvidsson in Minnesota North Stars zone.
12:28 of 1st period - Snap shot by Zach Hyman.
12:28 of 1st period - Stopped by Stuart Skinner with a rebound.
12:35 of 1st period - Icing by Brandon Montour.
12:36 of 1st period - Evgeni Malkin wins face-off versus Cole Sillinger in Minnesota North Stars zone.
12:38 of 1st period - Icing by Frank Vatrano.
12:39 of 1st period - Cole Sillinger wins face-off versus Evgeni Malkin in Minnesota North Stars zone.
12:46 of 1st period - Slapshot by Frank Vatrano.
12:46 of 1st period - Shot Misses the Net.
12:54 of 1st period - Evgeni Malkin is hit by Drew Doughty and loses puck.
13:01 of 1st period - Evgeni Malkin is hit by Yakov Trenin and loses puck.
13:25 of 1st period - Slapshot by Drew Doughty.
13:25 of 1st period - Stopped by Stuart Skinner without a rebound.
13:26 of 1st period - Nic Dowd wins face-off versus Ryan Nugent-Hopkins in Minnesota North Stars zone.
14:08 of 1st period - Minor Penalty to Matthew Tkachuk for Interference.
14:09 of 1st period - Evgeni Malkin wins face-off versus J.T. Miller in Calgary Flames zone.
14:35 of 1st period - Jeff Skinner is hit by Nic Dowd and loses puck.
14:46 of 1st period - Jeff Petry is hit by Jeff Skinner and loses puck.
16:08 of 1st period - Penalty to Matthew Tkachuk is over, Matthew Tkachuk is back on ice.
16:41 of 1st period - Ryan McDonagh is hit by Adam Lowry and loses puck.
17:20 of 1st period - Off-side.
17:21 of 1st period - Sebastian Aho wins face-off versus Evgeni Malkin in neutral zone.
17:28 of 1st period - Snap shot by Timo Meier.
17:28 of 1st period - Stopped by Stuart Skinner without a rebound.
17:29 of 1st period - J.T. Miller wins face-off versus Ryan Nugent-Hopkins in Minnesota North Stars zone.
17:34 of 1st period - Snap shot by Matthew Tkachuk.
17:34 of 1st period - Stopped by Stuart Skinner without a rebound.
17:35 of 1st period - J.T. Miller wins face-off versus Ryan Nugent-Hopkins in Minnesota North Stars zone.
17:36 of 1st period - Snap shot by Joel Eriksson Ek.
17:36 of 1st period - Shot Misses the Net.
17:38 of 1st period - Double Minor Penalty to Brock Nelson for Roughing.
17:39 of 1st period - J.T. Miller wins face-off versus Ryan Nugent-Hopkins in Minnesota North Stars zone.
17:56 of 1st period - Slapshot by Joel Eriksson Ek.
17:56 of 1st period - Shot Blocked by Rasmus Dahlin.
18:14 of 1st period - Slapshot by Zach Hyman.
18:14 of 1st period - Stopped by Stuart Skinner with a rebound.
18:16 of 1st period - Snap shot by Zach Hyman.
18:16 of 1st period - Shot Misses the Net.
19:59 of 1st period - Gustav Forsling is hit by Jeff Petry and loses puck.
Goals for this period are 1 for Minnesota North Stars vs 1 for Calgary Flames.
Shots for this period are 4 for Minnesota North Stars vs 16 for Calgary Flames.
2nd period
0:01 of 2nd period - Sebastian Aho wins face-off versus Ryan Nugent-Hopkins in neutral zone.
0:10 of 2nd period - Snap shot by Evgeni Malkin.
0:10 of 2nd period - Deflect By Ryan Nugent-Hopkins.
0:10 of 2nd period - Stopped by Samuel Montembeault with a rebound.
0:12 of 2nd period - Slapshot by Evgeni Malkin.
0:12 of 2nd period - Stopped by Samuel Montembeault without a rebound.
0:13 of 2nd period - J.T. Miller wins face-off versus Ryan Nugent-Hopkins in Calgary Flames zone.
0:48 of 2nd period - Wrist shot by Timo Meier.
0:48 of 2nd period - Goal by Timo Meier - Minnesota North Stars : 1 - Calgary Flames : 2.
0:49 of 2nd period - Ryan Nugent-Hopkins wins face-off versus J.T. Miller in neutral zone.
0:57 of 2nd period - Snap shot by Ryan Nugent-Hopkins.
0:57 of 2nd period - Shot Blocked by Michael Anderson.
1:22 of 2nd period - Snap shot by Rasmus Dahlin.
1:22 of 2nd period - Stopped by Samuel Montembeault with a rebound.
1:40 of 2nd period - Slapshot by Jonathan Toews.
1:40 of 2nd period - Stopped by Samuel Montembeault with a rebound.
1:42 of 2nd period - Snap shot by Jonathan Toews.
1:42 of 2nd period - Stopped by Samuel Montembeault with a rebound.
1:58 of 2nd period - Wrist shot by Cole Sillinger.
1:58 of 2nd period - Stopped by Stuart Skinner without a rebound.
1:59 of 2nd period - Brock Nelson wins face-off versus Cole Sillinger in Minnesota North Stars zone.
2:03 of 2nd period - Off-side.
2:04 of 2nd period - J.T. Miller wins face-off versus Ryan Nugent-Hopkins in neutral zone.
2:21 of 2nd period - Snap shot by Ryan Nugent-Hopkins.
2:21 of 2nd period - Shot Blocked by Drew Doughty.
2:33 of 2nd period - Minor Penalty to Jamie Oleksiak for High sticking.
2:34 of 2nd period - Sebastian Aho wins face-off versus Ryan Nugent-Hopkins in Minnesota North Stars zone.
3:01 of 2nd period - Gustav Forsling is hit by Joel Eriksson Ek.
3:05 of 2nd period - Wrist shot by J.T. Miller.
3:05 of 2nd period - Shot Blocked by Gustav Forsling.
4:11 of 2nd period - Evgeni Malkin is hit by Matthew Tkachuk and loses puck.
4:33 of 2nd period - Penalty to Jamie Oleksiak is over, Jamie Oleksiak is back on ice.
4:41 of 2nd period - Off-side.
4:42 of 2nd period - Oliver Bjorkstrand wins face-off versus Jack Hughes in neutral zone.
4:58 of 2nd period - Wrist shot by Mathieu Joseph.
4:58 of 2nd period - Deflect By Jack Hughes.
4:58 of 2nd period - Stopped by Stuart Skinner without a rebound.
4:59 of 2nd period - Evgeni Malkin wins face-off versus Cole Sillinger in Minnesota North Stars zone.
5:06 of 2nd period - Snap shot by Frank Vatrano.
5:06 of 2nd period - Stopped by Samuel Montembeault without a rebound.
5:07 of 2nd period - Frank Vatrano wins face-off versus Cole Sillinger in Calgary Flames zone.
5:08 of 2nd period - Snap shot by Evgeni Malkin.
5:08 of 2nd period - Stopped by Samuel Montembeault with a rebound.
5:44 of 2nd period - Snap shot by Ryan Nugent-Hopkins.
5:44 of 2nd period - Stopped by Samuel Montembeault with a rebound.
6:10 of 2nd period - Minor Penalty to Brandon Montour for Hooking.
6:11 of 2nd period - Ryan Nugent-Hopkins wins face-off versus Sebastian Aho in Minnesota North Stars zone.
6:11 of 2nd period - Ryan Nugent-Hopkins is hit by Kris Letang.
6:47 of 2nd period - Snap shot by Kris Letang.
6:47 of 2nd period - Stopped by Stuart Skinner with a rebound.
7:01 of 2nd period - Wrist shot by Evgeni Malkin.
7:01 of 2nd period - Stopped by Samuel Montembeault with a rebound.
7:44 of 2nd period - Kris Letang is hit by Jamie Oleksiak and loses puck.
8:10 of 2nd period - Penalty to Brandon Montour is over, Brandon Montour is back on ice.
8:26 of 2nd period - Rasmus Andersson is hit by Jack Hughes.
8:40 of 2nd period - Ryan McDonagh is hit by Derick Brassard.
8:44 of 2nd period - Kris Letang is hit by Derick Brassard and loses puck.
9:03 of 2nd period - Evgeni Malkin is hit by Mathieu Joseph and loses puck.
10:04 of 2nd period - Brandon Montour is hit by Matthew Tkachuk and loses puck.
10:19 of 2nd period - Joel Eriksson Ek is hit by Ryan Nugent-Hopkins and loses puck.
10:34 of 2nd period - Snap shot by Joel Eriksson Ek.
10:34 of 2nd period - Stopped by Stuart Skinner with a rebound.
10:47 of 2nd period - Snap shot by Matthew Tkachuk.
10:47 of 2nd period - Deflect By Joel Eriksson Ek.
10:47 of 2nd period - Stopped by Stuart Skinner without a rebound.
10:48 of 2nd period - Sebastian Aho wins face-off versus Adam Lowry in Minnesota North Stars zone.
11:03 of 2nd period - Snap shot by Timo Meier.
11:03 of 2nd period - Shot Misses the Net.
11:35 of 2nd period - Off-side.
11:36 of 2nd period - Evgeni Malkin wins face-off versus Rafael Harvey-Pinard in neutral zone.
11:41 of 2nd period - Wrist shot by Evgeni Malkin.
11:41 of 2nd period - Stopped by Samuel Montembeault without a rebound.
11:42 of 2nd period - Sebastian Aho wins face-off versus Ryan Nugent-Hopkins in Calgary Flames zone.
11:57 of 2nd period - Wrist shot by Jeff Skinner.
11:57 of 2nd period - Stopped by Samuel Montembeault with a rebound.
11:59 of 2nd period - Slapshot by Rasmus Dahlin.
11:59 of 2nd period - Shot Blocked by Jeff Petry.
12:14 of 2nd period - Slapshot by Jeff Petry.
12:14 of 2nd period - Stopped by Stuart Skinner with a rebound.
12:16 of 2nd period - Snap shot by Mathieu Joseph.
12:16 of 2nd period - Shot Misses the Net.
12:18 of 2nd period - Wrist shot by Drew Doughty.
12:18 of 2nd period - Shot Blocked by Rasmus Dahlin.
12:20 of 2nd period - Wrist shot by Oliver Bjorkstrand.
12:20 of 2nd period - Stopped by Stuart Skinner with a rebound.
12:22 of 2nd period - Snap shot by Mathieu Joseph.
12:22 of 2nd period - Shot Misses the Net.
12:51 of 2nd period - Brandon Montour is hit by Timo Meier and loses puck.
12:58 of 2nd period - Slapshot by Brandon Montour.
12:58 of 2nd period - Stopped by Samuel Montembeault with a rebound.
13:00 of 2nd period - Wrist shot by Derick Brassard.
13:00 of 2nd period - Shot Misses the Net.
13:02 of 2nd period - Wrist shot by Derick Brassard.
13:02 of 2nd period - Stopped by Samuel Montembeault without a rebound.
13:03 of 2nd period - Nic Dowd wins face-off versus Jeff Skinner in Calgary Flames zone.
13:30 of 2nd period - Zach Parise is hit by Rasmus Andersson and loses puck.
14:09 of 2nd period - Minor Penalty to Jamie Oleksiak for High sticking.
14:10 of 2nd period - Ryan Nugent-Hopkins wins face-off versus J.T. Miller in Minnesota North Stars zone.
16:09 of 2nd period - Penalty to Jamie Oleksiak is over, Jamie Oleksiak is back on ice.
16:45 of 2nd period - Backhand shot by Cole Sillinger.
16:45 of 2nd period - Shot Misses the Net.
16:47 of 2nd period - Slapshot by Ryan McDonagh.
16:47 of 2nd period - Stopped by Stuart Skinner with a rebound.
17:01 of 2nd period - Snap shot by Frank Vatrano.
17:01 of 2nd period - Shot Misses the Net.
17:03 of 2nd period - Slapshot by Neal Pionk.
17:03 of 2nd period - Shot Blocked by Michael Anderson.
17:20 of 2nd period - Icing by Jamie Oleksiak.
17:21 of 2nd period - Nic Dowd wins face-off versus Jack Hughes in Minnesota North Stars zone.
17:32 of 2nd period - Snap shot by Mathieu Joseph.
17:32 of 2nd period - Shot Blocked by Jamie Oleksiak.
17:52 of 2nd period - Jeff Petry is hit by Brandon Montour and loses puck.
18:17 of 2nd period - Off-side.
18:18 of 2nd period - Evgeni Malkin wins face-off versus Timo Meier in neutral zone.
18:29 of 2nd period - Wrist shot by Evgeni Malkin.
18:29 of 2nd period - Shot Blocked by Sebastian Aho.
18:43 of 2nd period - Zach Hyman is hit by Gustav Forsling.
18:46 of 2nd period - Off-side.
18:47 of 2nd period - Jack Hughes wins face-off versus Nic Dowd in neutral zone.
19:13 of 2nd period - Brock Nelson is hit by Matthew Tkachuk and loses puck.
19:24 of 2nd period - Wrist shot by Ryan Nugent-Hopkins.
19:24 of 2nd period - Shot Misses the Net.
Goals for this period are 0 for Minnesota North Stars vs 1 for Calgary Flames.
Shots for this period are 13 for Minnesota North Stars vs 9 for Calgary Flames.
3rd period
0:01 of 3rd period - Nic Dowd wins face-off versus Ryan Nugent-Hopkins in neutral zone.
0:34 of 3rd period - Slapshot by Frank Vatrano.
0:34 of 3rd period - Shot Blocked by Zach Hyman.
0:36 of 3rd period - Slapshot by Gustav Forsling.
0:36 of 3rd period - Shot Blocked by Zach Hyman.
1:17 of 3rd period - Icing by Ryan McDonagh.
1:18 of 3rd period - Cole Sillinger wins face-off versus Jeff Skinner in Calgary Flames zone.
1:23 of 3rd period - Slapshot by Kris Letang.
1:23 of 3rd period - Stopped by Stuart Skinner without a rebound.
1:24 of 3rd period - Ryan Nugent-Hopkins wins face-off versus Mathieu Joseph in Minnesota North Stars zone.
1:28 of 3rd period - Off-side.
1:29 of 3rd period - Ryan Nugent-Hopkins wins face-off versus Nic Dowd in neutral zone.
1:36 of 3rd period - Wrist shot by Brock Nelson.
1:36 of 3rd period - Stopped by Samuel Montembeault without a rebound.
1:37 of 3rd period - Ryan Nugent-Hopkins wins face-off versus J.T. Miller in Calgary Flames zone.
1:48 of 3rd period - Snap shot by J.T. Miller.
1:48 of 3rd period - Shot Blocked by Gustav Forsling.
2:14 of 3rd period - Wrist shot by Sebastian Aho.
2:14 of 3rd period - Stopped by Stuart Skinner with a rebound.
2:33 of 3rd period - Snap shot by Cole Sillinger.
2:33 of 3rd period - Shot Misses the Net.
2:35 of 3rd period - Snap shot by Rafael Harvey-Pinard.
2:35 of 3rd period - Goal by Rafael Harvey-Pinard - Minnesota North Stars : 1 - Calgary Flames : 3.
2:36 of 3rd period - Evgeni Malkin wins face-off versus Nic Dowd in neutral zone.
2:41 of 3rd period - Backhand shot by Rasmus Dahlin.
2:41 of 3rd period - Stopped by Samuel Montembeault with a rebound.
3:01 of 3rd period - J.T. Miller is hit by Brock Nelson.
3:21 of 3rd period - Zach Hyman is hit by Jonathan Toews and loses puck.
3:26 of 3rd period - Snap shot by Jonathan Toews.
3:26 of 3rd period - Goal by Jonathan Toews - Minnesota North Stars : 2 - Calgary Flames : 3.
3:27 of 3rd period - Brock Nelson wins face-off versus Sebastian Aho in neutral zone.
3:34 of 3rd period - Slapshot by Jeff Skinner.
3:34 of 3rd period - Shot Misses the Net.
3:36 of 3rd period - Slapshot by Neal Pionk.
3:36 of 3rd period - Shot Blocked by Drew Doughty.
3:58 of 3rd period - Snap shot by Drew Doughty.
3:58 of 3rd period - Stopped by Stuart Skinner without a rebound.
3:59 of 3rd period - Evgeni Malkin wins face-off versus Nic Dowd in Minnesota North Stars zone.
4:36 of 3rd period - Snap shot by Mathieu Joseph.
4:36 of 3rd period - Stopped by Stuart Skinner without a rebound.
4:37 of 3rd period - J.T. Miller wins face-off versus Ryan Nugent-Hopkins in Minnesota North Stars zone.
4:48 of 3rd period - Wrist shot by Matthew Tkachuk.
4:48 of 3rd period - Stopped by Stuart Skinner with a rebound.
5:06 of 3rd period - Icing by Michael Anderson.
5:07 of 3rd period - Evgeni Malkin wins face-off versus Sebastian Aho in Calgary Flames zone.
5:12 of 3rd period - Wrist shot by Frank Vatrano.
5:12 of 3rd period - Stopped by Samuel Montembeault with a rebound.
5:24 of 3rd period - Snap shot by Neal Pionk.
5:24 of 3rd period - Stopped by Samuel Montembeault with a rebound.
5:45 of 3rd period - Snap shot by Zach Hyman.
5:45 of 3rd period - Shot Misses the Net.
5:47 of 3rd period - Slapshot by Drew Doughty.
5:47 of 3rd period - Deflect By Frank Vatrano.
5:47 of 3rd period - Stopped by Stuart Skinner with a rebound.
5:49 of 3rd period - Snap shot by Zach Hyman.
5:49 of 3rd period - Stopped by Stuart Skinner without a rebound.
5:50 of 3rd period - J.T. Miller wins face-off versus Jack Hughes in Minnesota North Stars zone.
6:41 of 3rd period - Icing by Brandon Montour.
6:42 of 3rd period - Adam Lowry wins face-off versus Cole Sillinger in Minnesota North Stars zone.
6:42 of 3rd period - Adam Lowry is hit by Michael Anderson.
6:58 of 3rd period - Slapshot by Brandon Montour.
6:58 of 3rd period - Shot Misses the Net.
7:16 of 3rd period - Wrist shot by Derick Brassard.
7:16 of 3rd period - Stopped by Samuel Montembeault without a rebound.
7:17 of 3rd period - Jack Hughes wins face-off versus J.T. Miller in Calgary Flames zone.
7:28 of 3rd period - Snap shot by Joel Eriksson Ek.
7:28 of 3rd period - Stopped by Stuart Skinner with a rebound.
7:30 of 3rd period - Wrist shot by Matthew Tkachuk.
7:30 of 3rd period - Stopped by Stuart Skinner with a rebound.
7:32 of 3rd period - Snap shot by Drew Doughty.
7:32 of 3rd period - Shot Blocked by Jamie Oleksiak.
7:34 of 3rd period - Snap shot by Matthew Tkachuk.
7:34 of 3rd period - Shot Blocked by Viktor Arvidsson.
7:44 of 3rd period - Mathieu Joseph is hit by Jamie Oleksiak and loses puck.
8:05 of 3rd period - Wrist shot by Timo Meier.
8:05 of 3rd period - Deflect By Zach Hyman.
8:05 of 3rd period - Shot Misses the Net.
8:05 of 3rd period - Puck is out of play.
8:06 of 3rd period - Evgeni Malkin wins face-off versus Sebastian Aho in Minnesota North Stars zone.
8:15 of 3rd period - Wrist shot by Brandon Montour.
8:15 of 3rd period - Deflect By Evgeni Malkin.
8:15 of 3rd period - Deflect By Zach Hyman.
8:15 of 3rd period - Stopped by Samuel Montembeault without a rebound.
8:16 of 3rd period - J.T. Miller wins face-off versus Jack Hughes in Calgary Flames zone.
8:43 of 3rd period - Sean Durzi is hit by Mathieu Joseph and loses puck.
8:50 of 3rd period - Slapshot by Neal Pionk.
8:50 of 3rd period - Deflect By Jeff Skinner.
8:50 of 3rd period - Shot Misses the Net.
8:50 of 3rd period - Puck is out of play.
8:51 of 3rd period - Sebastian Aho wins face-off versus Evgeni Malkin in Calgary Flames zone.
9:04 of 3rd period - Snap shot by Sebastian Aho.
9:04 of 3rd period - Shot Misses the Net.
9:06 of 3rd period - Wrist shot by Sebastian Aho.
9:06 of 3rd period - Stopped by Stuart Skinner with a rebound.
9:28 of 3rd period - Wrist shot by Matthew Tkachuk.
9:28 of 3rd period - Shot Blocked by Jamie Oleksiak.
10:06 of 3rd period - Snap shot by Sebastian Aho.
10:06 of 3rd period - Shot Misses the Net.
10:08 of 3rd period - Slapshot by Drew Doughty.
10:08 of 3rd period - Shot Blocked by Evan Rodrigues.
10:32 of 3rd period - Icing by Matthew Tkachuk.
10:33 of 3rd period - Ryan Nugent-Hopkins wins face-off versus J.T. Miller in Calgary Flames zone.
10:41 of 3rd period - Minor Penalty to J.T. Miller for Goalie Interference.
10:42 of 3rd period - Frank Vatrano wins face-off versus Mathieu Joseph in Calgary Flames zone.
10:57 of 3rd period - Snap shot by Frank Vatrano.
10:57 of 3rd period - Shot Blocked by Michael Anderson.
12:41 of 3rd period - Penalty to J.T. Miller is over, J.T. Miller is back on ice.
13:02 of 3rd period - Snap shot by Evan Rodrigues.
13:02 of 3rd period - Stopped by Samuel Montembeault with a rebound.
13:16 of 3rd period - Wrist shot by Viktor Arvidsson.
13:16 of 3rd period - Shot Misses the Net.
13:28 of 3rd period - Snap shot by Mathieu Joseph.
13:28 of 3rd period - Shot Misses the Net.
13:30 of 3rd period - Wrist shot by Oliver Bjorkstrand.
13:30 of 3rd period - Shot Misses the Net.
13:52 of 3rd period - Minor Penalty to Brandon Montour for Goalie Interference.
13:53 of 3rd period - Sebastian Aho wins face-off versus Ryan Nugent-Hopkins in Minnesota North Stars zone.
14:02 of 3rd period - Snap shot by Sebastian Aho.
14:02 of 3rd period - Goal by Sebastian Aho - Minnesota North Stars : 2 - Calgary Flames : 4.
14:03 of 3rd period - J.T. Miller wins face-off versus Ryan Nugent-Hopkins in neutral zone.
14:17 of 3rd period - Snap shot by Matthew Tkachuk.
14:17 of 3rd period - Stopped by Stuart Skinner without a rebound.
14:18 of 3rd period - Nic Dowd wins face-off versus Evgeni Malkin in Minnesota North Stars zone.
14:21 of 3rd period - Snap shot by Oliver Bjorkstrand.
14:21 of 3rd period - Deflect By Nic Dowd.
14:21 of 3rd period - Deflect By Brandon Montour.
14:21 of 3rd period - Shot Misses the Net.
14:21 of 3rd period - Puck is out of play.
14:22 of 3rd period - Nic Dowd wins face-off versus Evgeni Malkin in Minnesota North Stars zone.
14:27 of 3rd period - Snap shot by Oliver Bjorkstrand.
14:27 of 3rd period - Stopped by Stuart Skinner without a rebound.
14:28 of 3rd period - Nic Dowd wins face-off versus Evgeni Malkin in Minnesota North Stars zone.
14:32 of 3rd period - Minor Penalty to Frank Vatrano for Tripping.
14:33 of 3rd period - J.T. Miller wins face-off versus Brock Nelson in Minnesota North Stars zone.
14:59 of 3rd period - Evgeni Malkin is hit by Zach Hyman.
15:13 of 3rd period - Brock Nelson is hit by Sebastian Aho and loses puck.
16:32 of 3rd period - Penalty to Frank Vatrano is over, Frank Vatrano is back on ice.
16:44 of 3rd period - Nic Dowd is hit by Rasmus Dahlin and loses puck.
17:07 of 3rd period - Wrist shot by Cole Sillinger.
17:07 of 3rd period - Shot Blocked by Rasmus Dahlin.
17:15 of 3rd period - Snap shot by Cole Sillinger.
17:15 of 3rd period - Shot Blocked by Frank Vatrano.
17:17 of 3rd period - Slapshot by Michael Anderson.
17:17 of 3rd period - Stopped by Stuart Skinner with a rebound.
17:28 of 3rd period - Rasmus Dahlin is hit by Ryan McDonagh and loses puck.
18:20 of 3rd period - Minor Penalty to Neal Pionk for Slashing.
18:21 of 3rd period - J.T. Miller wins face-off versus Ryan Nugent-Hopkins in Minnesota North Stars zone.
Goals for this period are 1 for Minnesota North Stars vs 2 for Calgary Flames.
Shots for this period are 8 for Minnesota North Stars vs 15 for Calgary Flames.
Back to the Top